 Dungeon Crawl Stone Soup version 0.28.0 (webtiles) character file.

Game seed: 1077907379944956687

4 krispywithak the Skirmisher (level 1, -3/28 HPs)
             Began as a Draconian Berserker on Feb 4, 2022.
             Was a Follower of Trog.
             Slain by a quokka (4 damage)
             ... on level 1 of the Dungeon.
             The game lasted 00:00:10 (48 turns).

krispywithak the Skirmisher (Draconian Berserker)     Turns: 48, Time: 00:00:11

Health: -3/28      AC:  4    Str: 19    XL:     1   Next: 58%
Magic:  1/1        EV: 12    Int:  7    God:    Trog [*.....]
Gold:   0          SH:  0    Dex: 10    Spells: 0/0 levels left

rFire   . . .      SeeInvis .     - Unarmed
rCold   . . .      Faith    .   (no shield)
rNeg    . . .      Spirit   .   (armour unavailable)
rPois   .          Reflect  .   (helmet restricted)
rElec   .          Harm     .   (no cloak)
rCorr   .          Rampage  .   (no gloves)
Will    .....                   (no boots)
Stlth   ..........              (no amulet)
HPRegen 0.09/turn               (no ring)
MPRegen 0.07/turn               (no ring)

@: berserking (expiring), very quick
A: AC +4, unfitting armour, cold-blooded
a: Renounce Religion, Berserk


You were on level 1 of the Dungeon.
You worshipped Trog.
Trog was aware of your devotion.
You visited 1 branch of the dungeon, and saw 1 of its levels.

You aren't carrying anything.


   Skills:
 + Level 3.4 Fighting
 + Level 2.8 Dodging
 + Level 3.1 Unarmed Combat


You couldn't memorise any spells.
You didn't know any spells.
Your spell library was empty.

Dungeon Overview and Level Annotations

Branches:
Dungeon (1/15)

Altars:


Innate Abilities, Weirdness & Mutations

Your plain brown scales are hard. (AC +4)
You cannot fit into any form of body armour.
You are cold-blooded and may be slowed by cold attacks.


Message History

Trog accepts your kill. The ball python bites you.
The ball python barely misses you. The kobold closely misses you.
You hit the giant cockroach.
Your tail-slap misses the giant cockroach.
The giant cockroach is almost dead.
The ball python barely misses you. The ball python grabs you.
The ball python constricts you. The kobold closely misses you.
The giant cockroach closely misses you.
A red film seems to cover your vision as you go berserk!
You feel yourself moving faster!
You feel mighty! The ball python bites you. The ball python constricts you.
The kobold hits you but does no damage. The giant cockroach bites you.
The ball python barely misses you. The ball python constricts you.
You punch the giant cockroach!
You kill the giant cockroach!
Trog accepts your kill. The kobold hits you with a +0 dagger.
You escape the ball python's grasp.
The quokka closely misses you. The ball python misses you.
The ball python grabs you. The ball python constricts you.
* * * LOW HITPOINT WARNING * * *
You hit the quokka.
You kill the quokka!
Trog accepts your kill. The kobold hits you but does no damage.
The quokka bites you.
* * * LOW HITPOINT WARNING * * *
You barely miss the kobold. The ball python barely misses you.
The ball python constricts you.
* * * LOW HITPOINT WARNING * * *
The kobold hits you with a +0 dagger.
* * * LOW HITPOINT WARNING * * *
You punch the kobold!
You kill the kobold!
Trog accepts your kill. The quokka barely misses you.
The ball python bites you.
* * * LOW HITPOINT WARNING * * *
The ball python constricts you.
You escape the ball python's grasp.
The quokka bites you.
You die...

# ### ....... ..##
......# ...## #...#
..(.... #...# #...#
....... #...#
....#.##.......
#...######...#.#........
...##...##...#..w.......
..##....#)...###@r..#...
###....##...##.........#
#.....##....#...S#......
....#(#....#...###....#.
.####.....##..## .....
##.......##..... ##.#.
......#####.####.# ...
...#### #. # #. ### #.


You could see a dart slug, a quokka and a ball python.

Vanquished Creatures
  A giant cockroach (D:1)
  A kobold (D:1)
  A quokka (D:1)
  A ball python (D:1)
4 creatures vanquished.

Notes
Turn   | Place    | Note
-------+----------+-------------------------------------------
     0 | D:1      | krispywithak the Draconian Berserker began the quest for
                  | the Orb.
     0 | D:1      | Reached XP level 1. HP: 19/19 MP: 1/1
    47 | D:1      | HP: 1/28 [ball python (2)]
    48 | D:1      | Slain by a quokka

Illustrated notes

Levels and vault maps discovered:
D:1:      dpeg_arrival_circle_labyrinth_b, layout_basic

Action                   || total
-------------------------++-------
Melee: Unarmed           ||    10
Invok: Berserk           ||     1
Armor: Skin              ||     5
Dodge: Dodged            ||    16
